[Event "CCT Julius Baer-D3 2024"]
[Site "Online"]
[Date "2024.09.27"]
[Round "51.1"]
[White "Deac, Bogdan-Daniel"]
[Black "Sarana, Alexey"]
[Result "1-0"]
[ECO "E51"]
[WhiteElo "2680"]
[BlackElo "2713"]
[Annotator "TA"]
[PlyCount "113"]
[EventDate "2024.09.25"]
[EventType "swiss"]
[EventCountry "NET"]
[SourceTitle "playchess.com"]
[Source "ChessBase"]
[SourceQuality "1"]
[TimeControl "600+2"]

1. d4 Nf6 2. c4 e6 3. Nc3 Bb4 4. e3 O-O 5. Bd2 d5 6. Nf3 Nbd7 7. Rc1 Be7 8. Qc2 h6 9. a3 {[%emt 0:01:13] The position is equal.} b6 (9... c6 $11) 10. cxd5 $14 exd5 11. g3 ({White should play} 11. Nxd5 $14 Nxd5 12. Qc6) 11... a5 12. Bb5 Bb7 13. Qa4 Nb8 {[%emt 0:00:51] Repels Bc6} 14. Ne5 Bd6 15. Nc6 Qc8 16. f3 h5 17. O-O Qe6 18. Ne2 Nxc6 19. Bxc6 Bxc6 20. Qxc6 Rfe8 21. Nf4 Qf5 22. Qc2 Qd7 23. Qc6 Qf5 24. Qc2 Qc8 25. Qc6 h4 26. Rf2 (26. Kf2 {with more complications.} Qf5 27. g4 Qg5 28. Rg1) 26... Qf5 (26... Bxf4 $11 27. gxf4 Qh3) 27. g4 $16 Qg5 28. h3 {[%emt 0:00:11] White is more active.} ({Better is} 28. Ng2 $16 {[%cal Oe3e4] aiming for e4!} h3 29. e4) 28... Re7 {[%emt 0:00:24][%mdl 8192] This costs Black the game.} 29. Qxa8+ $18 Kh7 30. Qc6 g6 31. Qc2 Kg7 32. Ng2 Bg3 {[%emt 0:00:05] [#]} 33. e4 $1 Bxf2+ 34. Kxf2 Nxe4+ 35. fxe4 Qf6+ 36. Kg1 {[%emt 0:00:02] e5 is the strong threat.} Rxe4 37. Be3 Qe6 38. Qf2 Qe7 39. Qf3 f6 40. Bf2 g5 41. Ne3 {[%emt 0:00:03] [#] Nf5+ would now be deadly.} Qd7 42. Nf5+ Kg6 43. Re1 Qe6 44. Qc3 {[%emt 0:00:01] Hoping for Rxe4.} c5 45. dxc5 {[%emt 0:00:02] White wants to mate with Rxe4.} bxc5 46. Rxe4 {[%emt 0:00:03] White mates.} Qxe4 47. Qxc5 Qb1+ 48. Kg2 Qe4+ 49. Kh2 Qf4+ 50. Kg1 Qb8 51. Qxd5 a4 52. Qg8+ Qxg8 53. Ne7+ Kf7 54. Nxg8 Kxg8 55. Kg2 Kf7 56. Kf3 Ke6 57. Ke4 {[%emt 0:00:00] Weighted Error Value: White=0.15 (very precise) /Black=0.18 (very precise) .  Loses game:     	---       	Black=1      Mistake:       	White=2     	Black=2      Inaccurate:     	---       	Black=2      OK:         	White=9     	Black=9      Best:        	White=3     	---} 1-0

[Event "CCT Julius Baer-D3 2024"]
[Site "Online"]
[Date "2024.09.27"]
[Round "51.1"]
[White "Guseinov, Gadir"]
[Black "Amin, Bassem"]
[Result "1/2-1/2"]
[ECO "C44"]
[WhiteElo "2636"]
[BlackElo "2636"]
[Annotator "TA"]
[PlyCount "92"]
[EventDate "2024.09.25"]
[EventType "swiss"]
[EventCountry "NET"]
[SourceTitle "playchess.com"]
[Source "ChessBase"]
[SourceQuality "1"]
[TimeControl "600+2"]

1. e4 e5 2. Nf3 Nc6 3. d4 exd4 4. Bc4 Bc5 5. Ng5 Nh6 6. Nxf7 Nxf7 7. Bxf7+ Kxf7 8. Qh5+ g6 9. Qxc5 {[%emt 0:00:03] [#]} d5 $1 10. O-O (10. c3 dxe4) 10... dxe4 11. c3 Qd6 12. Qxd6 (12. cxd4 {looks sharper.} Nxd4 13. Qxd6 Ne2+ 14. Kh1) 12... cxd6 13. cxd4 Nxd4 14. Nc3 Bg4 15. Nxe4 Nc2 16. Nxd6+ Ke6 17. Bf4 $1 Nxa1 18. Rxa1 g5 19. Re1+ {[%emt 0:00:02][%mdl 1024] White has compensation.} Kd5 20. Bg3 (20. Bxg5 $2 {too greedy.} Kxd6 21. Re4 Be6 22. Rd4+ Kc6 $19) 20... Kc6 21. f3 Bh5 22. Rc1+ Kd5 23. Ne4 Bg6 24. Rc5+ Ke6 25. Nxg5+ Ke7 26. Rc7+ Kf6 {[%emt 0:00:01] [#]} 27. Bh4 Rhc8 28. Rxb7 {[%emt 0:00:40] White is much more active.} Rc2 (28... Ke5 $14) 29. Nxh7+ $16 Ke6 30. Ng5+ Kd5 31. h3 ({White should play} 31. g4 $16 {Black must now prevent Bg3.} Kc6 32. Rg7) 31... Re8 $1 $14 32. Rg7 Bf5 (32... Ree2 $5 33. Rxg6 Rxg2+ 34. Kh1 (34. Kf1 Rh2 $11) 34... Rh2+ 35. Kg1 Rcg2+ 36. Kf1 Rxb2 $11) 33. Rf7 Bg6 34. Rd7+ Kc6 35. Rxa7 Ree2 {[%emt 0:00:34] The position is equal.} 36. Ra6+ Kd5 37. Rxg6 Rxg2+ 38. Kf1 Rh2 $1 39. Kg1 {[%emt 0:00:20] Repels Rh1+} Rcg2+ 40. Kf1 Rxb2 41. Kg1 {[%emt 0:00:26] Dodges Rh1+. aiming for Ne4.} Rbg2+ (41... Rhe2 $5 42. Kf1 $8 Rh2 $11) 42. Kf1 {[%emt 0:00:00][%cal Og5e6] Hoping for Ne6!} Rxa2 43. Kg1 {[%emt 0:00:06] Prevents Rh1+. Ne4 would now be deadly.} Rag2+ 44. Kf1 Ra2 45. Kg1 {[%emt 0:00:00] Inhibits Rh1+. Ne4 is the strong threat.} Rag2+ 46. Kf1 Ra2 {[%emt 0:00:02] Weighted Error Value: White=0.08 (flawless) /Black=0.07 (flawless) .  Mistake:       	White=1     	Black=1      Inaccurate:     	White=1     	Black=3      OK:         	White=21    	Black=15     Best:        	White=4     	Black=5      Strong:       	White=1     	Black=2} 1/2-1/2

[Event "CCT Julius Baer-D3 2024"]
[Site "Online"]
[Date "2024.09.27"]
[Round "51.1"]
[White "Hakobyan, Aram"]
[Black "Sargissian, Gabriel"]
[Result "1/2-1/2"]
[ECO "C47"]
[WhiteElo "2617"]
[BlackElo "2646"]
[Annotator "TA"]
[PlyCount "79"]
[EventDate "2024.09.25"]
[EventType "swiss"]
[EventCountry "NET"]
[SourceTitle "playchess.com"]
[Source "ChessBase"]
[SourceQuality "1"]
[TimeControl "600+2"]

1. e4 e5 2. Nf3 Nc6 3. Nc3 Nf6 4. Nd5 Bc5 5. c3 Nxe4 6. d4 exd4 7. Bd3 f5 (7... Nf6 $15 8. Qe2+ Kf8 9. Nxf6 (9. Bg5 Be7 $15) 9... Qxf6) 8. Bxe4 (8. cxd4 $14 Bb4+ 9. Kf1) 8... fxe4 $11 9. Bg5 Be7 10. Nxe7 Nxe7 (10... exf3 $2 {too greedy.} 11. O-O (11. Nd5 $2 Qxg5 12. Qxf3 Qe5+ 13. Kd2 Kd8 $19) 11... Ne5 (11... Nxe7 $2 12. Re1 $18) 12. Re1 $18 (12. Qxd4 d6 $16) (12. cxd4 h6 $18)) 11. Qxd4 O-O {[%emt 0:00:07] Black is weak on the dark squares} (11... exf3 $11 12. O-O O-O) 12. Qxe4 $16 {[%emt 0:00:16] White has more active pieces.} d5 {[%emt 0:00:04] [#]} 13. Qe2 (13. Qxe7 $2 {perishes.} Re8 $19) (13. Qh4 $1 $16 {[%cal Oe1c1] 0-0-0! would now be deadly.} Qe8 14. Bxe7) 13... Qd7 $11 14. Bxe7 (14. Qxe7 $2 {loses.} Re8 $19) 14... Re8 {[%emt 0:00:08] [#]} 15. O-O $1 {[%emt 0:00:13] Hoping for Rae1.} Qxe7 (15... Rxe7 16. Qc2) 16. Qxe7 Rxe7 17. Rfe1 Rxe1+ 18. Rxe1 {[%emt 0:00:00][%mdl 4096] Endgame. KRB-KRN} Kf8 {[%emt 0:00:02] Repels Re7} 19. Nd4 Bd7 {[%emt 0:00:12] Dodges Nb5} 20. Re5 c6 21. f4 a5 22. Kf2 a4 23. f5 Ra6 24. g4 Rb6 25. Re2 c5 {[%emt 0:00:21] The position is equal.} 26. Nf3 g6 27. fxg6 (27. Ne5 {simplifies} Bb5 28. Kg3 gxf5 29. Rf2) 27... Bxg4 28. gxh7 Rh6 29. Kg3 Bxf3 30. Kxf3 Rxh7 {[%emt 0:00:01] KR-KR} 31. Rd2 Ke7 32. Kg4 Rg7+ 33. Kf5 Rh7 34. Kg5 Rg7+ 35. Kf5 Rh7 36. Kg4 Rg7+ 37. Kf4 Rh7 38. Kg3 Rg7+ 39. Kf3 Rh7 40. Kg4 {[%emt 0:00:04] Weighted Error Value: White=0.09 (flawless) /Black=0.09 (flawless) .  Mistake:       	White=2     	Black=2      Inaccurate:     	White=1     	---        OK:         	White=14    	Black=14     Best:        	White=2     	Black=2} 1/2-1/2

[Event "CCT Julius Baer-D3 2024"]
[Site "Online"]
[Date "2024.09.27"]
[Round "51.1"]
[White "Yilmaz, Mustafa"]
[Black "Svane, Frederik"]
[Result "1-0"]
[ECO "D45"]
[WhiteElo "2587"]
[BlackElo "2640"]
[Annotator "TA"]
[PlyCount "97"]
[EventDate "2024.09.25"]
[EventType "swiss"]
[EventCountry "NET"]
[SourceTitle "playchess.com"]
[Source "ChessBase"]
[SourceQuality "1"]
[TimeControl "600+2"]

1. d4 Nf6 2. c4 e6 3. Nf3 d5 4. Nc3 c6 5. e3 Nbd7 6. Qc2 Bd6 7. Be2 O-O 8. O-O b6 9. e4 dxe4 10. Nxe4 Nxe4 11. Qxe4 Bb7 12. Bd3 Nf6 13. Qh4 {[%emt 0:00:02] Black must now prevent Bg5.} Re8 (13... c5 $5) 14. Rd1 h6 {[%emt 0:00:02] The position is equal.} 15. c5 bxc5 (15... Bb8 $11) 16. dxc5 $16 Bxc5 {[%emt 0:00:00] [#]} 17. Bh7+ $1 Nxh7 18. Rxd8 Raxd8 19. Bd2 (19. Bxh6 $1 $16 gxh6 20. Qg3+ Ng5 (20... Kf8 $2 21. Qe5 $18) 21. Nxg5) 19... Bb6 $14 20. Bc3 {[%emt 0:00:08][%mdl 1024] White has compensation.} c5 21. Qg3 f6 22. a4 Rd7 23. a5 Bc7 24. Qg4 Rd5 25. Re1 Ng5 26. Nd2 e5 27. h4 Ne6 28. Ne4 Kf8 29. Qg6 (29. Qf5 $16 {[%cal Oe4f6] Nxf6! is the strong threat.} Kg8 30. b4) 29... Nf4 30. Qh7 {[%emt 0:00:10] Nxf6 would now be deadly.} (30. Qf5 $5) 30... Kf7 31. g3 Ne6 32. h5 Rd7 (32... Nf8 $1 $11 {keeps the balance.} 33. Qf5 Bc8) 33. Qg6+ $16 Kf8 34. Qf5 (34. b4 $1 $16) 34... Bc6 (34... Kg8 $11) 35. b4 $14 cxb4 $2 (35... Rde7 $14) 36. Bxb4+ $18 (36. Nxf6 gxf6 37. Qxf6+ Kg8 $11) 36... Kg8 {[%emt 0:00:00] [#]} 37. Qg6 $40 {[%emt 0:00:04][%mdl 128] White has strong attack.} (37. Rc1 $1 $18 Ba4 38. Qg6) 37... Rf7 $16 {[%emt 0:00:03] [#] Hoping for ...f5.} 38. Rc1 $1 {[%emt 0:00:01] The board is on fire. White is more active.} Bxe4 (38... Bd7 $16 {might work better.}) 39. Qxe4 $18 Nd4 {[%emt 0:00:00] Dodges Qc6} 40. Kg2 {[%emt 0:00:03] Threatens to win with Qd5.} Rb8 $2 (40... Rd8 41. Qd3 Nc6) 41. Qd5 Bd8 (41... Rd8 $142 42. Qa2 Rdd7) 42. Bd6 Rb5 43. Qa2 {[%emt 0:00:03] And now Rc8 would win.} Rxa5 44. Qc4 {[%emt 0:00:04] aiming for Qc8.} Rb5 45. Qc8 Rd5 46. Qxd8+ {[%emt 0:00:01] White mates.} Kh7 47. Qe8 Rb7 48. Qg6+ Kg8 49. Rc8# {[%emt 0:00:00] Weighted Error Value: White=0.12 (very precise) /Black=0.40.  Loses game:     	---       	Black=1      Mistake:       	White=4     	Black=6      Inaccurate:     	White=1     	Black=3      OK:         	White=14    	Black=10     Best:        	---       	Black=4      Strong:       	White=1     	---} 1-0

[Event "CCT Julius Baer-D3 2024"]
[Site "Online"]
[Date "2024.09.27"]
[Round "51.1"]
[White "Ponkratov, Pavel"]
[Black "Predke, Alexandr"]
[Result "0-1"]
[ECO "A30"]
[WhiteElo "2564"]
[BlackElo "2671"]
[Annotator "TA"]
[PlyCount "58"]
[EventDate "2024.09.25"]
[EventType "swiss"]
[EventCountry "NET"]
[SourceTitle "playchess.com"]
[Source "ChessBase"]
[SourceQuality "1"]
[TimeControl "600+2"]

1. Nf3 Nf6 2. c4 b6 3. g3 c5 4. Bg2 Bb7 5. O-O g6 6. d4 cxd4 7. Qxd4 Bg7 8. Nc3 d6 9. Rd1 Nbd7 10. Qh4 h5 (10... h6 $5) 11. h3 Rc8 12. Bg5 (12. Bd2 $11) 12... Nh7 $17 13. Rac1 ({White should play} 13. Bc1) 13... Bxf3 14. Bxf3 Nxg5 15. Qxg5 Bh6 16. Qb5 Bxc1 $19 17. Rxc1 O-O 18. b3 Nf6 19. Qa6 Qd7 20. Nb5 (20. h4 $17) 20... Qxh3 {[%emt 0:00:47] aiming for ...h4.} 21. Qxa7 h4 22. Bg2 Qe6 23. gxh4 Qxe2 24. Qxb6 Rc5 {[%emt 0:00:11][%cal Of6g4] [#] ...Ng4! is the strong threat.} ({But not} 24... Qxa2 25. Qe3 $19) 25. Qb7 $2 (25. Qa5) 25... Rf5 {[%emt 0:00:36] Black is clearly winning.} ({Less strong is} 25... Qxa2 26. Qxe7 Ng4 27. Rf1 $17) 26. Rf1 Qe5 {[%emt 0:00:02] Dodges Nd4} (26... Qxa2 $2 27. Qxe7 Re8 (27... Qxb3 28. Nd4 $11) 28. Qxd6 $17) 27. Bf3 {[%emt 0:01:46] Inhibits Ng4.} Rf4 28. Rc1 Rxh4 {[%emt 0:00:05] [#] Threatens to win with ...Qg5+.} 29. Nc3 Qg5+ {[%emt 0:00:03] White got outplayed after the opening.   Weighted Error Value: White=1.16/Black=0.39.  Mistake:       	White=5     	---        Inaccurate:     	White=2     	---        OK:         	White=3     	Black=8      Best:        	White=1     	Black=4} 0-1

[Event "CCT Julius Baer-D3 2024"]
[Site "Online"]
[Date "2024.09.27"]
[Round "51.1"]
[White "Kobalia, Mikhail"]
[Black "Esipenko, Andrey"]
[Result "0-1"]
[ECO "C88"]
[WhiteElo "2543"]
[BlackElo "2677"]
[Annotator "TA"]
[PlyCount "92"]
[EventDate "2024.09.25"]
[EventType "swiss"]
[EventCountry "NET"]
[SourceTitle "playchess.com"]
[Source "ChessBase"]
[SourceQuality "1"]
[TimeControl "600+2"]

1. e4 e5 2. Nf3 Nc6 3. Bb5 a6 4. Ba4 Nf6 5. O-O Be7 6. Re1 b5 7. Bb3 O-O 8. a4 b4 9. d3 d6 10. c3 Rb8 11. Nbd2 Na5 12. Ba2 Bg4 13. d4 {[%emt 0:00:09] C88: Closed Ruy Lopez: Anti-Marshall Systems.} Nd7 $146 ({Predecessor:} 13... c5 14. h3 Bxf3 15. Nxf3 b3 16. Bb1 Qc7 17. g3 c4 18. Nh4 g6 19. Kg2 Rfe8 {½-½ Sutovs,A (2350)-Guberna,A (2396) Webchess op7 sf01 email 2019}) 14. h3 Bh5 15. Nc4 Nxc4 16. Bxc4 a5 17. Be3 Bf6 18. g4 Bg6 19. dxe5 Bxe5 20. Qd3 c6 21. Rad1 (21. Bg5 $15 Qc7 22. Qe3) 21... bxc3 $17 22. bxc3 d5 $1 23. Qd2 Bxe4 24. Bg5 $2 (24. Ng5 {was called for.} Bg6 (24... dxc4 25. Nxe4 Nf6 26. Qxd8 $11) 25. f4 dxc4 26. fxe5 Nxe5 27. Qxd8 Rbxd8 (27... Rfxd8 $2 28. Bf4 $17) 28. Rxd8 Rxd8 29. Bb6) 24... Bf6 25. Rxe4 (25. Bxf6 {only move.} Qxf6 26. Nd4) 25... dxe4 $19 26. Qxd7 exf3 27. Bf4 Rb7 28. Bxf7+ (28. Qd3 $142) 28... Kh8 $19 29. Qxd8 Rxd8 30. Rxd8+ Bxd8 31. Be8 Bh4 32. Bxc6 Rb1+ 33. Kh2 Rb2 34. Bg3 Bxg3+ 35. Kxg3 Rc2 36. Bxf3 (36. c4 {might work better.} Rxc4 37. Bb5) 36... g5 37. h4 (37. Bd5 $142) 37... h6 38. hxg5 hxg5 ({And not} 38... Rxc3 39. gxh6 Ra3 40. g5 Rxa4 41. Bd5 $11) 39. Kg2 Rxc3 40. Be2 Kg7 41. Bb5 Kf6 (41... Kf7 $142 42. Kf1 Ke6) 42. Kf1 Ke5 43. Ke2 Kf4 44. Bd7 Rc7 (44... Rc2+ $142 45. Kd3 Rxf2 46. Kc4 Rd2 47. Bf5 Rb2 48. Kc5 Rb4 49. Bc8 Ke5 (49... Rxa4 $2 50. Kb5 $19) 50. Bd7 Rd4 51. Bc6 Rxg4 52. Kb5 Kd6 53. Be8 Re4 54. Bc6 Rb4+ 55. Kxa5 Kxc6 56. Kxb4 g4 57. a5 g3 58. a6 Kb6 59. Kc4 g2 (59... Kxa6 {leads to mate.} 60. Kd5 g2 61. Ke4 g1=Q 62. Kf5 Kb6 63. Kf4 Qg6 64. Kf3 Qf5+ 65. Kg3 Kc5 66. Kg2 Kd4 67. Kg3 Ke3 68. Kh4 Qg6 69. Kh3 Kf3 70. Kh4 Qh6#) 60. Kd3 g1=Q (60... g1=R {gets mated.} 61. Kd4 Kxa6 62. Ke3 Kb5 63. Kf4 Kc4 64. Ke5 Re1+ 65. Kf5 Kd4 66. Kg4 Rf1 67. Kg5 Ke4 68. Kg6 Ke5 69. Kg7 Ke6 70. Kg6 Rf5 71. Kg7 Rf6 72. Kg8 Rg6+ 73. Kh8 Ke7 74. Kh7 Kf7 75. Kh8 Rh6#) (60... Kxa6 61. Ke4 g1=Q 62. Kf5 Qc5+ 63. Kg4 Kb5 64. Kg3 Qg5+ 65. Kf3 Kc4 66. Ke4 Kc3 67. Kf3 Kd3 68. Kf2 Qg4 69. Kf1 Ke3 70. Ke1 Qg1#) 61. Ke4 Qg4+ (61... Kxa6 62. Kf5 Qf2+ 63. Kg6 Kb6 64. Kg7 Kc5 65. Kg6 Kd6 66. Kg5 Qf3 67. Kg6 Ke6 68. Kh7 Qg4 69. Kh6 Kf7 70. Kh7 Qh5#) 62. Kd5 Kxa6 63. Ke5 Kb6 64. Kf6 Kc6 65. Ke5 Kc5 66. Kf6 Kd6 67. Kf7 Qg5 68. Kf8 Ke6 69. Ke8 Qg8#) 45. Bb5 Rc2+ 46. Kf1 Kf3 0-1

[Event "CCT Julius Baer-D3 2024"]
[Site "Online"]
[Date "2024.09.27"]
[Round "51.2"]
[White "Sarana, Alexey"]
[Black "Deac, Bogdan-Daniel"]
[Result "1/2-1/2"]
[ECO "E48"]
[WhiteElo "2713"]
[BlackElo "2680"]
[Annotator "TA"]
[PlyCount "66"]
[EventDate "2024.09.25"]
[EventType "swiss"]
[EventCountry "NET"]
[SourceTitle "playchess.com"]
[Source "ChessBase"]
[SourceQuality "1"]
[TimeControl "600+2"]

1. d4 Nf6 2. c4 e6 3. Nc3 Bb4 4. e3 O-O 5. Bd3 d5 6. a3 dxc4 7. Bxc4 Be7 8. Qe2 c5 9. dxc5 Nbd7 {[%emt 0:03:32] White has an edge.} 10. b4 a5 11. Bb2 {[%emt 0:00:13] And now Nf3 would win.} axb4 12. axb4 Rxa1+ 13. Bxa1 {[%emt 0:00:01] With the idea Nf3.} b6 14. c6 {[%emt 0:00:08] aiming for Nf3.} b5 $1 ({Avoid the trap} 14... Ne5 $2 15. b5 $18) 15. Bxb5 Bxb4 $1 {[%emt 0:01:00][%cal Of6e4] Hoping for ...Ne4!} 16. Qa2 Qb6 $1 17. cxd7 Bb7 {[%emt 0:00:18] [#]} 18. Nge2 $1 Qxb5 $15 19. O-O Qxd7 (19... Qc6 {is interesting.} 20. f3 Bc5 21. Kf2 Qxd7 22. Na4 Bxe3+ 23. Kxe3 Ra8) 20. Rc1 Rc8 21. Qb2 Bf8 {[%emt 0:00:06] A strong pair of Bishops.} 22. Rd1 (22. Rb1 $15 Ba8 23. h3) 22... Qc6 $40 {[%emt 0:00:07][%csl Gb7][%cal Rc6g2][%mdl 128] Black wants a kill.} 23. f3 Ba6 24. Nd4 Qc4 25. Kf2 Nd5 (25... Qc7 $17 26. h3 h6) 26. Ne4 (26. Nxd5 $15 Qxd5 27. Rc1) 26... Qb4 (26... Qc7 $17 27. g3 h6) 27. Qa2 (27. Qxb4 $15 Nxb4 (27... Bxb4 28. h3 $15) 28. g4) 27... Qa3 (27... Bc4 $17 28. Qd2 Qb6) 28. Qb1 (28. Qxa3 $15 Bxa3 29. Nd2) 28... Qxe3+ $19 29. Kg3 Qf4+ 30. Kh3 Qh6+ 31. Kg3 Qf4+ $2 (31... Be7 $19 32. h3 Qf4+ 33. Kf2 Qh2) 32. Kf2 $2 (32. Kh3 $11 Ne3 33. Nf6+ gxf6 34. Qe4 Qxe4 (34... Qh6+ $2 35. Qh4 $19) 35. fxe4 Nxd1 36. Nxe6 fxe6 37. g4) 32... Qe3+ 33. Kg3 Qf4+ $2 {[%emt 0:00:06] Weighted Error Value: White=0.79/Black=0.52.  Loses game:     	White=2     	---        Mistake:       	White=4     	Black=3      Inaccurate:     	White=1     	Black=1      OK:         	White=8     	Black=8      Best:        	White=1     	Black=2      Strong:       	---       	Black=3} ({Better is} 33... Qh6 $19 34. h3 Ne3) 1/2-1/2

[Event "CCT Julius Baer-D3 2024"]
[Site "Online"]
[Date "2024.09.27"]
[Round "51.2"]
[White "Esipenko, Andrey"]
[Black "Kobalia, Mikhail"]
[Result "1/2-1/2"]
[ECO "D02"]
[WhiteElo "2677"]
[BlackElo "2543"]
[Annotator "TA"]
[PlyCount "90"]
[EventDate "2024.09.25"]
[EventType "swiss"]
[EventCountry "NET"]
[SourceTitle "playchess.com"]
[Source "ChessBase"]
[SourceQuality "1"]
[TimeControl "600+2"]

1. d4 d5 2. Nf3 Nf6 3. Bf4 c5 4. e3 Nc6 5. Nbd2 Bg4 6. c3 e6 7. Qa4 {[%emt 0:00:01] D02: 1 d4 d5 2 Nf3 sidelines, including 2...Nf6 3 g3 and 2...Nf6 3 Bf4.} Nd7 8. h3 Bh5 9. Bb5 Qc8 10. Ne5 Ncxe5 11. Bxe5 a6 12. Bxd7+ $146 ({Predecessor:} 12. Be2 b5 13. Qd1 Nxe5 14. dxe5 Bg6 15. f4 Be7 16. Nf3 O-O 17. Bd3 Bxd3 18. Qxd3 Rb8 {½-½ Jovanic,O (2490)-Horvath,J (2536) Trieste op 19th 2017 (8)}) 12... Qxd7 13. Qxd7+ Kxd7 14. dxc5 f6 $1 15. Bd6 ({Avoid the trap} 15. Bd4 $2 e5 16. a3 exd4 17. cxd4 a5 $19) 15... Bxd6 16. cxd6 Kxd6 17. Nb3 Rhd8 18. Kd2 e5 19. Nc1 a5 20. Nd3 Ra6 21. a4 Bg6 22. b4 Rc8 23. bxa5 Rxa5 24. Rhb1 $1 Ra7 25. a5 Rc6 26. Rb5 Bxd3 27. Kxd3 Rc5 28. Rb6+ Kc7 29. Re6 Raxa5 (29... Kd7 $5 30. Rb6 $8 Kc7 $11) 30. Rxa5 ({Don't take} 30. Re7+ Kc6 31. Rxa5 e4+ 32. Ke2 Rxa5) 30... Rxa5 31. Re7+ Kd6 32. Rxg7 Ra2 33. f3 f5 34. e4 $1 dxe4+ 35. fxe4 f4 36. Rxb7 Rxg2 37. Rxh7 Rg3+ 38. Kc4 Re3 39. Rh6+ Ke7 40. Kd5 f3 41. Kxe5 (41. Re6+ $14 Kf7 42. Rxe5 Rxc3 43. Kd4) 41... f2 (41... Rxe4+ $11 42. Kxe4 f2 43. Rh7+ Ke6 44. Rh6+ Ke7 45. Rh7+ Ke6 46. Rh6+ Ke7) 42. Re6+ $14 Kd7 43. Rf6 Rxc3 44. Rxf2 Rxh3 45. Rf7+ Ke8 1/2-1/2

[Event "CCT Julius Baer-D3 2024"]
[Site "Online"]
[Date "2024.09.27"]
[Round "51.2"]
[White "Predke, Alexandr"]
[Black "Ponkratov, Pavel"]
[Result "1/2-1/2"]
[ECO "B48"]
[WhiteElo "2671"]
[BlackElo "2564"]
[Annotator "TA"]
[PlyCount "79"]
[EventDate "2024.09.25"]
[EventType "swiss"]
[EventCountry "NET"]
[SourceTitle "playchess.com"]
[Source "ChessBase"]
[SourceQuality "1"]
[TimeControl "600+2"]

1. e4 c5 2. Nf3 e6 3. d4 cxd4 4. Nxd4 Nc6 5. Nc3 Qc7 6. Be3 a6 7. Bd3 Nf6 8. Qe2 $1 {[%emt 0:00:01][%mdl 4] now scores much better than the old 8.0-0.} Ne5 {[%emt 0:00:02] B48: Sicilian: Taimanov: 5 Nc3 Qc7 6 Be3 a6 without Be2.} (8... Bd6 $11) 9. f4 $16 Neg4 (9... Nxd3+ $14 10. cxd3 d6) 10. Bd2 $1 $18 Bc5 {[%emt 0:00:04] [#]} 11. h3 $2 (11. Nb3 $1 $18 {[%cal Rb3c5] Threatens to win with Nxc5.} Bf2+ 12. Kf1) 11... Bxd4 $14 12. hxg4 Bxc3 $146 ({Predecessor:} 12... d6 13. g5 Ng8 14. g4 Ne7 15. f5 Bd7 16. Nd1 O-O-O 17. Rh3 Rde8 18. Be3 Nc6 {0-1 Skiber,F (1576)-Kamphausen,J (1791) Leverkusen Bayer op 9th 2011 (7)}) 13. bxc3 d6 (13... d5 $14) 14. g5 $16 Nd7 15. c4 Nc5 16. Bc3 (16. e5 $14) 16... e5 $11 17. f5 Bd7 18. Rb1 Bc6 19. Bb4 O-O-O 20. Qe3 Qe7 21. Kf2 f6 22. gxf6 gxf6 23. Rh6 Rhg8 24. Rbh1 Rg7 25. R1h2 Rdg8 26. R6h4 Kb8 (26... b6 {simplifies} 27. Kf1 a5 28. Bxc5 dxc5 29. Rh6 Ba4) 27. a3 Be8 28. Rh6 Bc6 29. R6h4 b6 30. Qh3 {[%emt 0:00:16] [#]} Rg3 $2 (30... Qd7 $1 $15 {stays ahead.}) 31. Qxg3 $16 Rxg3 32. Kxg3 Qg7+ 33. Kf2 ({Only move:} 33. Rg4 $18 Qe7 34. Kf3) 33... Qg5 $14 34. Ke2 (34. g3 $1 $14) 34... b5 $11 35. cxb5 (35. Rxh7 bxc4 (35... Nxe4 $2 36. Rh8+ Ka7 37. R2h7+ Bb7 38. Bxe4 $18) (35... Qg4+ 36. Kd2 $17) 36. Bxc4 (36. Rh8+ $2 Ka7 $17) 36... Qg4+ (36... Nxe4 37. Rh8+ Ka7 38. R2h7+ Bb7 39. Rxb7+ Kxb7 40. Bd5+ Kc7 41. Bxe4 $14) 37. Kd2 Bxe4 (37... Qxe4 38. R2h4 $15) (37... Nxe4+ 38. Kc1 $16) 38. Bxc5 dxc5) 35... axb5 36. Bd2 ({Reject} 36. Bxc5 dxc5 37. Kf2 c4 $17 (37... Qd2+ 38. Be2 $11)) 36... Qg3 37. Be1 Qg5 38. Bd2 Qg3 39. Be1 Qg5 40. Bd2 1/2-1/2